 Dungeon Crawl Stone Soup version 0.20.1 (webtiles) character file.

1602 dvd the Thaumaturge (level 8, -2/42 HPs)
             Began as a Deep Elf Fire Elementalist on July 2, 2017.
             Slain by a wraith (9 damage)
             ... in an ossuary.
             The game lasted 00:15:55 (6029 turns).

dvd the Thaumaturge (Deep Elf Fire Elementalist)    Turns: 6029, Time: 00:15:57

Health: -2/42      AC:  4    Str:  5    XL:     8   Next: 62%
Magic:  8/23       EV: 14    Int: 23    God:
Gold:   156        SH:  0    Dex: 15    Spells: 10/25 levels left

rFire    . . .     SeeInvis .   z - +0 rapier
rCold    . . .     Gourm    .   (no shield)
rNeg     . . .     Faith    .   a - +0 robe
rPois    .         Spirit   .   y - +0 helmet
rElec    .         Reflect  .   m - +0 cloak
rCorr    .         Harm     .   (no gloves)
MR       .....                  (no boots)
Stlth    +++.......             D - amulet of magic regeneration
Regen    0.2/turn               (no ring)
MPRegen  0.3/turn               (no ring)

@: slowed, very slow
A: no striking features
a: no special abilities


You were in an ossuary.
You were not hungry.

You visited 1 branch of the dungeon, and saw 6 of its levels.
You also visited: Ossuary.

You collected 156 gold pieces.

Inventory:

Hand Weapons
 n - a +0 dagger
 z - a +0 rapier (weapon)
Armour
 a - a +0 robe (worn)
 m - a +0 cloak (worn)
 y - a +0 helmet (worn)
Jewellery
 D - an amulet of magic regeneration (around neck)
Scrolls
 d - a scroll of remove curse {unknown}
 e - 5 scrolls of teleportation {unknown}
 f - a scroll of blinking {unknown}
 g - 8 scrolls of identify {unknown}
 k - a scroll of recharging {unknown}
 s - a scroll of enchant armour {unknown}
 t - a scroll of noise {unknown}
 w - a scroll of random uselessness {unknown}
 x - a scroll of amnesia {unknown}
 B - a scroll of enchant weapon {unknown}
Potions
 i - 2 potions of haste {unknown}
 j - 2 potions of curing
 l - a potion of heal wounds {unknown}
 q - a potion of agility {unknown}
 r - a potion of resistance {unknown}
 u - a potion of might {unknown}
 v - a potion of ambrosia {unknown}
 A - a potion of degeneration {unknown}
 C - a potion of brilliance {unknown}
Books
 b - a book of Flames

   Spells                             Type                      Level
   a - Flame Tongue                   Conjuration/Fire             1
   b - Throw Flame                    Conjuration/Fire             2
   c - Conjure Flame                  Conjuration/Fire             3
   d - Inner Flame                    Hexes/Fire                   3
   e - Sticky Flame                   Conjuration/Fire             4
   f - Fireball                       Conjuration/Fire             5
 o - a book of Misfortune

   Spells                             Type                      Level
   a - Confusing Touch                Hexes                        1
   b - Confuse                        Hexes                        3
   c - Gell's Gravitas                Translocation                3
   d - Petrify                        Transmutation/Earth          4
   e - Metabolic Englaciation         Hexes/Ice                    5
   f - Yara's Violent Unravelling     Hexes/Transmutation          5
Comestibles
 c - 2 bread rations
 h - 2 royal jellies
 p - 2 meat rations


   Skills:
 + Level 0.8 Fighting
 + Level 1.6 Short Blades
 + Level 4.1 Dodging
 + Level 4.4 Stealth
 + Level 0.1 Unarmed Combat
 + Level 9.0 Spellcasting
 + Level 5.5 Conjurations
 + Level 1.1 Hexes
 + Level 6.6 Fire Magic


You had 10 spell levels left.
You knew the following spells:

 Your Spells              Type           Power        Failure   Level  Hunger
a - Flame Tongue          Conj/Fire      #####        1%          1    None
b - Throw Flame           Conj/Fire      #####.       1%          2    None
c - Sticky Flame          Conj/Fire      #####...     4%          4    ##.....
d - Fireball              Conj/Fire      #####.....   14%         5    ####...
e - Confuse               Hex            ###.....     12%         3    None


Dungeon Overview and Level Annotations

Branches:
Dungeon (6/15)
 Temple: D:4-7

Altars:
Cheibriados
Sif Muna


Message History

The wraith drains your vigour!
You feel as though you will be slow longer.
The wraith barely misses you.
You feel better. The wraith hits you!
* * * LOW HITPOINT WARNING * * *
Unknown command.
Casting: Sticky Flame
Confirm with . or Enter, or press ? or * to list all spells.
Aiming: Sticky Flame
Press: ? - help, Shift-Dir - straight line, f/p - wraith
Aim: a wraith (severely damaged)
The sticky flame hits the wraith.
The wraith appears unharmed.
The wraith is severely damaged.
The wraith misses you. The wraith hits you.
* * * LOW HITPOINT WARNING * * *
The wraith drains your vigour!
You feel as though you will be slow longer.
Unknown command.
You feel better. The wraith hits you!
You die...

#. #. #..# #..#+#..#
.#..#.#..# .........
......... #......####
.8... #...8..@W?# .#
.....#+#......####..#
.ZZ.#.#............#
.Z................# #
##.....####.####..# ..
+..Z8...+ #..'.#..#
#.####.....####.####..#
......................#
.......#.#...........^#


You could see a wraith.

Vanquished Creatures
  Grinder (D:3)
  A hippogriff (D:6)
  Sigmund (D:3)
  The ghost of KleinerIrrer the Sneak, an amateur OpAs (D:3)
  A water moccasin (D:5)
  An ice beast (D:4)
  3 ogres (D:4)
  2 howler monkeys (D:4)
  A quasit (D:4)
  2 bullfrog skeletons
  A human zombie (Ossuary)
  A centaur skeleton (D:4)
  An iguana (D:4)
  A worker ant (D:4)
  2 mummies (Ossuary)
  A howler monkey zombie (D:6)
  Robin (D:3)
  4 gnolls (D:4)
  5 adders
  A worm zombie (D:6)
  2 worms
  3 dart slugs
  3 leopard geckos
  8 orcs
  5 bats
  3 giant cockroaches
  17 goblins
  10 hobgoblins
  11 jackals
  3 quokkas
  3 ball pythons
  5 frilled lizards
  3 goblin zombies (Ossuary)
  3 hobgoblin zombies (Ossuary)
  7 kobolds
  2 kobold zombies (Ossuary)
  7 rats
127 creatures vanquished.

Notes
Turn   | Place    | Note
-------+----------+-------------------------------------------
     0 | D:1      | dvd the Deep Elf Fire Elementalist began the quest for the Orb.
     0 | D:1      | Reached XP level 1. HP: 10/10 MP: 6/6
     2 | D:1      | Noticed a vampire
     2 | D:1      | Noticed a troll
     4 | D:1      | Noticed a dwarf
     4 | D:1      | Noticed an ogre
     6 | D:1      | Noticed a halfling
     8 | D:1      | Noticed a demonspawn
     8 | D:1      | Noticed a centaur
    10 | D:1      | Noticed a formicid
    10 | D:1      | Noticed a minotaur
    12 | D:1      | Noticed a draconian
    12 | D:1      | Noticed a vine stalker
    14 | D:1      | Noticed a gargoyle
    14 | D:1      | Noticed a human
    16 | D:1      | Noticed an octopode
    18 | D:1      | Noticed a felid
    18 | D:1      | Noticed a merfolk
    20 | D:1      | Noticed a demigod
    20 | D:1      | Noticed a spriggan
    22 | D:1      | Noticed a naga
    24 | D:1      | Noticed an elf
    24 | D:1      | Noticed a tengu
    26 | D:1      | Noticed a ghoul
   703 | D:1      | Reached XP level 2. HP: 15/15 MP: 6/8
  1021 | D:1      | Learned a level 2 spell: Throw Flame
  1479 | D:2      | Reached skill level 4 in Spellcasting
  1479 | D:2      | Reached XP level 3. HP: 19/19 MP: 2/10
  2431 | D:3      | Noticed Sigmund
  2532 | D:3      | Reached XP level 4. HP: 24/24 MP: 9/12
  2542 | D:3      | Learned a level 4 spell: Sticky Flame
  2546 | D:3      | Found a deep blue altar of Sif Muna.
  2548 | D:3      | Found a snail-covered altar of Cheibriados.
  2915 | D:4      | Reached XP level 5. HP: 28/28 MP: 5/14
  3014 | D:4      | Reached skill level 5 in Spellcasting
  3234 | D:4      | Reached XP level 6. HP: 32/32 MP: 6/16
  3335 | D:4      | Reached skill level 5 in Fire Magic
  3407 | D:4      | Reached skill level 6 in Spellcasting
  3582 | D:4      | Reached XP level 7. HP: 10/36 MP: 5/18
  4225 | D:3      | Noticed Robin
  4303 | D:3      | Killed Robin
  4450 | D:3      | Noticed KleinerIrrer's ghost (amateur OpAs)
  4462 | D:3      | Noticed Grinder
  4466 | D:3      | Reached skill level 7 in Spellcasting
  4676 | D:3      | Killed Sigmund
  4776 | D:3      | Learned a level 5 spell: Fireball
  4860 | D:3      | Paralysed by Grinder for 7 turns
  4870 | D:3      | Killed Grinder
  4870 | D:3      | Reached skill level 8 in Spellcasting
  4870 | D:3      | Reached skill level 5 in Conjurations
  4870 | D:3      | Reached XP level 8. HP: 42/42 MP: 11/22
  4992 | D:3      | Killed KleinerIrrer's ghost
  4992 | D:3      | Reached skill level 1 in Short Blades
  5262 | D:5      | Entered Level 5 of the Dungeon
  5343 | D:4      | Learned a level 3 spell: Confuse
  5619 | D:6      | Noticed a hippogriff
  5696 | D:6      | Killed a hippogriff
  5696 | D:6      | Reached skill level 1 in Hexes
  5728 | D:6      | Found a sand-covered staircase.
  5807 | Ossuary  | Entered an ossuary
  5910 | Ossuary  | Reached skill level 9 in Spellcasting
  6027 | Ossuary  | HP: 1/42 [wraith (5)]
  6029 | Ossuary  | Slain by a wraith

Skill      XL: |  1  2  3  4  5  6  7  8 |
---------------+-------------------------+-----
Spellcasting   | 4 5 6 8 9 |  9.0
Fire Magic     | 4 5 6 |  6.6
Stealth        | 3 4 |  4.4
Conjurations   | 2 3 4 5 |  5.5
Dodging        | 3 4 |  4.1
Short Blades   | 1 |  1.6
Hexes          | 1 |  1.1
Fighting       | |  0.8
Unarmed Combat | |  0.1

Action                   |  1- 3 |  4- 6 |  7- 9 || total
-------------------------+-------+-------+-------++-------
Melee: Unarmed           |     3 |       |       ||     3
       Dagger            |       |     4 |    36 ||    40
       Rapier            |       |       |    21 ||    21
 Cast: Flame Tongue      |    59 |    46 |    78 ||   183
       Throw Flame       |    16 |    13 |    26 ||    55
       Sticky Flame      |       |     8 |    13 ||    21
       Fireball          |       |       |     2 ||     2
       Confuse           |       |       |     6 ||     6
  Use: Potion            |       |       |     2 ||     2
 Stab: Sleeping          |     2 |       |     3 ||     5
       Confused          |       |       |     2 ||     2
  Eat: Chunk             |     5 |     4 |     7 ||    16
       Royal jelly       |       |       |     1 ||     1
Armor: Robe              |     2 |     9 |    23 ||    34
Dodge: Dodged            |    12 |    35 |    61 ||   108
